AoeStats
← Blyad _Mann

Arena

508624740Analyzed
4v4 RM · 9d ago on Sep 23, 2026· 42m 40s· 8 players
Game mode
Random Map
Map size
Large (8 player)
Population
200
Speed
Normal
Resources
Standard
Victory
Conquest
Starting age
Dark Age
Ending age
Imperial Age
RankedLock teamsTeams togetherTeam positionsShared explorationLock speedFull tech treeHidden civsTurbo modeCheats
Victory
Defeat
🇦🇺 Varangians · Australia
1060
+13
🇨🇳 Mongols · China
969
+17
936
+18
🇨🇳 Franks · China
917
+19
🇩🇪 Danes · Germany
1072
-20
🇭🇰 Inca · Hong Kong SAR China
1049
-19
🇳🇱 Danes · Netherlands
964
-16
🇪🇸 Franks · Spain
869
-12
Blyad _Mann
0:31 Loom
12:04 Feudal Age
12:30 Double-Bit Axe
12:30 Horse Collar
12:39 Horse Collar
12:59 Gold Mining
17:02 Castle Age
15:57 Forging
15:47 Scale Mail Armor
15:56 Stone Mining
18:37 Bow Saw
18:42 Heavy Plow
26:30 Wheelbarrow
26:06 Elite Skirmisher
27:07 Squires
26:53 Arson
27:46 Fletching
28:25 Bodkin Arrow
29:06 Padded Archer Armor
29:49 Thumb Ring
32:38 Hand Cart
33:01 Iron Casting
32:41 Chain Mail Armor
b7ackwar
11:27 Feudal Age
9:44 Loom
16:00 Castle Age
13:51 Double-Bit Axe
13:49 Horse Collar
14:31 Stone Mining
14:34 Gold Mining
17:42 Bow Saw
24:48 Wheelbarrow
26:13 Heavy Plow
27:18 Scale Mail Armor
27:29 Forging
30:19 Imperial Age
28:24 Chain Mail Armor
29:25 Iron Casting
31:06 Masonry
32:23 Blast Furnace
31:54 Plate Mail Armor
31:47 Squires
31:33 Arson
33:01 Chemistry
32:51 Fletching
34:28 Ballistics
34:05 Murder Holes
34:47 Bodkin Arrow
35:41 Bracer
36:09 Conscription
38:33 Gambesons
38:09 Man-at-Arms
39:57 Long Swordsman
41:14 Hamask
sentoginerzarra
0:38 Loom
12:23 Feudal Age
13:41 Wheelbarrow
12:53 Double-Bit Axe
13:03 Stone Mining
16:59 Gold Mining
21:07 Castle Age
23:35 Hand Cart
24:15 Bow Saw
31:58 Gold Shaft Mining
33:02 Husbandry
33:45 Light Cavalry
38:09 Imperial Age
36:04 Fortified Wall
35:35 Treadmill Crane
36:10 Forging
38:11 Cavalier
38:53 Chivalry
39:18 Conscription
39:07 Scale Barding Armor
39:43 Iron Casting
39:21 Paladin
H wont help
让我和Mika一边
11:26 Feudal Age
16:28 Castle Age
14:47 Double-Bit Axe
21:56 Bow Saw
22:30 Gold Mining
24:33 Wheelbarrow
29:55 Imperial Age
27:43 Fletching
29:43 Gold Shaft Mining
29:51 Bodkin Arrow
30:45 Padded Archer Armor
31:27 Conscription
31:44 Scale Barding Armor
31:45 Chivalry
32:04 Husbandry
31:47 Cavalier
31:53 Ordonnance Companies
33:01 Chain Barding Armor
33:14 Paladin
34:39 Plate Barding Armor
35:05 Forging
34:36 Cranequins
34:56 Heavy Mounted Crossbowman
37:13 Chemistry
39:14 Iron Casting
42:54 Blast Furnace
islesofurth
0:27 Loom
11:20 Feudal Age
16:23 Castle Age
15:00 Forging
14:46 Stone Mining
14:46 Horse Collar
15:05 Double-Bit Axe
23:03 Heavy Plow
23:42 Bow Saw
26:30 Iron Casting
29:14 Wheelbarrow
32:41 Imperial Age
30:46 Scale Barding Armor
31:47 Hand Cart
31:32 Gold Mining
34:42 Bloodlines
34:33 Husbandry
34:34 Light Cavalry
36:00 Husbandry
38:40 Hussar
39:33 Hussar
Mika_168
10:01 Feudal Age
14:54 Castle Age
13:20 Double-Bit Axe
14:01 Horse Collar
20:55 Fletching
22:24 Wheelbarrow
23:11 Bodkin Arrow
24:21 Padded Archer Armor
24:17 Gold Mining
27:20 Bow Saw
27:11 Heavy Plow
27:24 Gold Mining
27:27 Stone Mining
32:11 Imperial Age
31:19 Ballistics
32:25 Leather Archer Armor
33:06 Bracer
34:09 Chemistry
33:34 Siege Engineers
33:54 Capped Ram
35:01 Conscription
35:51 Gold Shaft Mining
35:52 Stone Shaft Mining
36:07 Siege Ram
38:40 Drill
38:07 Elite Mangudai
40:43 Parthian Tactics
40:23 Thumb Ring
40:30 Bloodlines
40:21 Husbandry
君士坦丁十一世
11:56 Feudal Age
16:25 Castle Age
17:21 Double-Bit Axe
19:15 Bow Saw
21:09 Loom
24:13 Wheelbarrow
24:51 Horse Collar
27:23 Gold Mining
28:56 Stone Mining
33:34 Imperial Age
33:42 Imperial Age
32:25 Forging
32:15 Scale Mail Armor
32:49 Hand Cart
33:15 Gambesons
33:38 Man-at-Arms
35:08 Wootz Steel
35:10 Conscription
34:36 Long Swordsman
36:19 Iron Casting
36:00 Chain Mail Armor
35:21 Two-Handed Swordsman
36:07 Champion
37:55 Chemistry
37:16 Ballistics
37:12 Thumb Ring
36:32 Elite Elephant Archer
38:58 Blast Furnace
38:29 Plate Mail Armor
39:36 Scale Barding Armor
41:03 Fletching
41:13 Padded Archer Armor
42:50 Bodkin Arrow
43:11 Leather Archer Armor
Connection lost

Rejoining the realm…

Still unreachable

The connection could not be restored.

Session expired

The server has moved on; the page needs a fresh start.